 Dungeon Crawl Stone Soup version 0.20.0-10-g0535bb4 (webtiles) character file.

168 MDvedh the Covert (level 5, -4/25 HPs)
             Began as a Spriggan Assassin on June 5, 2017.
             Killed by nerve-wracking pain
             ... invoked by an orc priest
              (7 damage)
             ... on level 3 of the Dungeon.
             The game lasted 00:07:27 (3286 turns).

MDvedh the Covert (Spriggan Assassin)               Turns: 3286, Time: 00:07:27

Health: -4/25      AC:  3    Str:  9    XL:     5   Next: 24%
Magic:  6/6        EV: 16    Int: 13    God:
Gold:   78         SH:  0    Dex: 18    Spells: 4/4 levels left

rFire    . . .     SeeInvis +   a - +0 dagger (drain)
rCold    . . .     Gourm    .   (shield restricted)
rNeg     . . .     Faith    .   c - +0 robe
rPois    .         Spirit   .   (helmet restricted)
rElec    .         Reflect  .   d - +0 cloak
rCorr    .         Harm     .   (gloves unavailable)
MR       .....                  (boots unavailable)
Stlth    ++++......             n - amulet of magic regeneration
Regen    0.1/turn               o - +2 ring of strength
MPRegen  0.2/turn               (no ring)

@: drained, very quick
A: unfitting armour, see invisible, herbivore 3, speed 3, slow metabolism 2
a: no special abilities


You were on level 3 of the Dungeon.
You were not hungry.

You visited 1 branch of the dungeon, and saw 3 of its levels.

You collected 78 gold pieces.

Inventory:

Hand Weapons
 a - a +0 dagger of draining (weapon)
 b - a +0 blowgun
 f - a +2 dagger
Missiles
 v - a curare-tipped needle
Armour
 c - a +0 robe (worn)
 d - a +0 cloak (worn)
Jewellery
 n - an amulet of magic regeneration (around neck)
 o - a +2 ring of strength (left hand)
Wands
 e - a wand of polymorph (12/24)
Scrolls
 k - a scroll of recharging {unknown}
 r - a scroll of amnesia {unknown}
 s - a scroll of immolation {unknown}
 t - a scroll of enchant weapon {unknown}
 w - a scroll of teleportation {unknown}
 y - a scroll of identify {unknown}
Potions
 h - a potion of agility {unknown}
 i - a potion of curing {unknown}
 j - a potion of brilliance {unknown}
 m - a potion of flight {unknown}
 p - a potion of heal wounds {unknown}
 q - 2 potions of lignification {unknown}
 u - a potion of mutation {unknown}
 x - a potion of cancellation {unknown}
Comestibles
 g - 2 bread rations


   Skills:
 - Level 1.5(0.7) Fighting
 + Level 4.2(3.3) Short Blades
 + Level 2.6(1.7) Throwing
 - Level 1.5(0.6) Dodging
 + Level 8.0(7.0) Stealth


You had 4 spell levels left.
You didn't know any spells.

Dungeon Overview and Level Annotations

Branches:
Dungeon (3/15)

Altars:

Annotations:
D:3 Jessica


Innate Abilities, Weirdness & Mutations

You are very small and have problems with some larger weapons.
You are too small for most types of armour.
You have supernaturally acute eyesight. (SInv)
You are a herbivore.
You cover ground extremely quickly.
You need consume almost no food.


Message History

The orc priest is heavily wounded.
You hit the orc priest but do no damage.
You drain the orc priest!
The orc priest is severely wounded.
The orc priest hits you.
The orc wizard hits you but does no damage.
You hit the orc priest but do no damage.
The orc priest is severely wounded.
The orc priest closely misses you. The orc wizard hits you with a dagger.
You hit the orc priest but do no damage.
You drain the orc priest!
The orc priest is almost dead.
The orc priest invokes the aid of Beogh against you.
Beogh smites you!
* * * LOW HITPOINT WARNING * * *
The orc wizard closely misses you.
Unknown command.
The orc priest mumbles some strange prayers to Beogh against you.
Pain shoots through your body!
You die...

......... #......
############ #...... #.
#..........# #...... #.#
#..........####....†. #.#
#.(........+....###.# #.#
#..........####.# #.# #.#
#.............#.# #.# . #.#
#...@.<.......#.# #.# .?
#.#######oo...........#.# #g#
...##o(.)..o..............#.#
#(#
......#######...............#
#.# ...##.#####
#...............# #g.
...'...[..#############.....#
#g# ...#...o......##
#####.###g# .. #o...o#..#..#
#..##.# # #.o...(#..#.#
#......


You could see an orc priest, an orc wizard (invisible) and an orc.

Vanquished Creatures
  Ijyb (D:2)
  5 gnolls
  An adder (D:2)
  2 oozes
  3 worms (D:2)
  A dart slug (D:2)
  3 leopard geckos (D:2)
  2 orcs (D:3)
  A ball python (D:2)
  4 giant cockroaches
  2 goblins
  9 hobgoblins
  2 jackals (D:1)
  A quokka (D:2)
  12 bats
  5 frilled lizards
  4 kobolds (D:1)
  6 rats
64 creatures vanquished.

Notes
Turn   | Place    | Note
-------+----------+-------------------------------------------
     0 | D:1      | MDvedh the Spriggan Assassin began the quest for the Orb.
     0 | D:1      | Reached XP level 1. HP: 10/10 MP: 2/2
    71 | D:1      | Reached skill level 6 in Stealth
   482 | D:1      | Reached XP level 2. HP: 14/14 MP: 3/3
   763 | D:1      | Reached XP level 3. HP: 11/18 MP: 4/4
  1254 | D:2      | Reached skill level 7 in Stealth
  1482 | D:2      | Reached XP level 4. HP: 19/22 MP: 5/5
  1864 | D:3      | Noticed Ijyb
  2303 | D:3      | Noticed Jessica
  2807 | D:3      | Reached XP level 5. HP: 21/25 MP: 6/6
  2974 | D:2      | Killed Ijyb
  2974 | D:2      | Reached skill level 8 in Stealth
  3286 | D:3      | Killed from afar by an orc priest

Skill      XL: |  1  2  3  4  5 |
---------------+----------------+-----
Stealth        | 6 7 8 |  8.0
Short Blades   | 3 4 |  4.2
Fighting       | |  1.5
Throwing       | |  2.6
Dodging        | |  1.5

Action                   |  1- 3 |  4- 6 || total
-------------------------+-------+-------++-------
Melee: Dagger            |   139 |    88 ||   227
       Unarmed           |       |     8 ||     8
 Fire: Blowgun           |    15 |    25 ||    40
Throw: Throwing net      |       |     1 ||     1
  Use: Scroll            |       |     2 ||     2
 Stab: Sleeping          |    11 |       ||    11
       Distracted        |       |     2 ||     2
Armor: Robe              |    13 |     6 ||    19
       Skin              |       |     2 ||     2
Dodge: Dodged            |   124 |    48 ||   172
